 Dungeon Crawl Stone Soup version 0.27.1-2-g3b301248ec (webtiles) character file.

Game seed: 14509709209466434086

1347 Borgoz the Skirmisher (level 8, 0/76 HPs)
             Began as a Gargoyle Berserker on Sept 26, 2021.
             Was a Priest of Trog.
             Slain by Maggie (8 damage)
             ... on level 6 of the Dungeon.
             The game lasted 00:04:34 (5363 turns).

Borgoz the Skirmisher (Gargoyle Berserker)          Turns: 5363, Time: 00:04:34

Health: 0/76       AC: 14    Str: 21    XL:     8   Next: 62%
Magic:  8/8        EV: 11    Int:  8    God:    Trog [***...]
Gold:   234        SH:  4    Dex: 11    Spells: 7/7 levels left

rFire    + . .     SeeInvis .   u - +2 flail (drain)
rCold    . . .     Faith    .   b - +0 buckler
rNeg     + . .     Spirit   .   c - +0 scale mail
rPois    ∞         Reflect  .   (no helmet)
rElec    +         Harm     .   (no cloak)
rCorr    +         Rampage  .   f - +0 pair of gloves
Will     ++...                  (no boots)
Stlth    ..........             (no amulet)
HPRegen  1.22/turn              l - ring of resist corrosion
MPRegen  0.11/turn              s - ring of protection from fire

@: berserking (expiring), marked, strong-willed, regenerating, very quick
A: sickness immunity, AC +5, negative energy resistance 1, electricity
resistance, torment resistance 1, petrification resistance
a: Renounce Religion, Berserk, Trog's Hand


You were on level 6 of the Dungeon.
You worshipped Trog.
Trog was most pleased with you.
You visited 1 branch of the dungeon, and saw 6 of its levels.

You collected 234 gold pieces.

Inventory:

Hand Weapons
 u - a +2 flail of draining (weapon)
Armour
 b - a +0 buckler (worn)
 c - a +0 scale mail (worn)
 f - a +0 pair of gloves (worn)
Jewellery
 l - a ring of resist corrosion (left hand)
 s - a ring of protection from fire (right hand)
Wands
 q - a wand of paralysis (2)
 t - a wand of iceblast (12)
Scrolls
 d - a scroll of enchant weapon {unknown}
 g - 3 scrolls of identify {unknown}
 i - a scroll of noise {unknown}
 j - a scroll of enchant armour {unknown}
 n - a scroll of fear {unknown}
 p - a scroll of teleportation {unknown}
Potions
 a - 2 potions of curing {unknown}
 e - a potion of haste {unknown}
 h - a potion of berserk rage {unknown}
 k - a potion of resistance {unknown}
 o - a potion of heal wounds {unknown}
 r - 3 potions of degeneration {unknown}


   Skills:
 * Level 6.2 Fighting
 * Level 5.6 Maces & Flails
 * Level 5.6 Armour
 + Level 3.9 Dodging
 - Level 4.0 Shields


You had 7 spell levels left.
You didn't know any spells.
Your spell library was empty.

Dungeon Overview and Level Annotations

Branches:
Dungeon (6/15)
 Temple: D:4-7

Altars:
Nemelex Xobeh
Yredelemnul

Annotations:
D:6 Maggie, Menkaure


Innate Abilities, Weirdness & Mutations

You are immune to sickness and miasma.
Your stone body is resilient. (AC +5)
You are immune to poison.
You resist negative energy. (rN+)
You are resistant to electric shocks. (rElec)
You are resistant to unholy torment.
You are immune to petrification.


Message History

The scorpion stings you but does no damage.
The hound barely misses you.
Maggie the Vainglorious comes into view.
She is wielding a +0 broad axe of flaming.
The hound closely misses you.
Your skin crawls.
You feel strong-willed. The hound barely misses you.
Maggie gestures at you while chanting. The bolt of fire hits you! You resist.
* * * LOW HITPOINT WARNING * * *
Maggie casts a spell at you. The bolt of fire hits you. You resist.
* * * LOW HITPOINT WARNING * * *
The hound bites you but does no damage.
Unknown command.
Okay, then.
Okay, then.
A red film seems to cover your vision as you go berserk!
You feel yourself moving faster!
You feel mighty! The hound bites you but does no damage.
You feel a strong urge to attack something.
Maggie hits you with a +0 broad axe of flaming!
* * * LOW HITPOINT WARNING * * *
Maggie burns you.
* * * LOW HITPOINT WARNING * * *
You thump Maggie!
Maggie is moderately wounded.
You block the hound's attack. The hound bites you but does no damage.
You hit Maggie.
Maggie is moderately wounded.
Maggie hits you with a +0 broad axe of flaming.
* * * LOW HITPOINT WARNING * * *
Maggie burns you.
* * * LOW HITPOINT WARNING * * *
The hound barely misses you.
You barely miss Maggie.
Maggie is moderately wounded.
The hound bites you but does no damage.
Maggie hits you with a +0 broad axe of flaming!
You die...

#...###.##### #########
#....g....#####........
#.##.##.......<#######
#..M....#######
#.##g###.# ## #. #..W#
###. .. ###s# .... #.
##h# ###. # #@.# #.
#@## #. #.# #. #.# #.
#.# #. #.#### #.
#.##.## #.
#.#>#.###########.
#..###............


You could see Maggie, a phantom, a scorpion and a hound (drained).

Vanquished Creatures
  3 vampire mosquitoes (D:5)
  Edmund (D:6)
  A necrophage (D:6)
  A phantom (D:5)
  A centaur (D:4)
  Blork the orc (D:4)
  2 scorpions
  A centaur zombie (D:6)
  A bullfrog skeleton (D:5)
  A hound (D:6)
  A jelly (D:5)
  Ijyb (D:4)
  An iguana (D:3)
  An orc wizard (D:4)
  A hound zombie (D:5)
  7 gnolls
  7 adders
  A worm (D:5)
  2 dart slugs (D:4)
  8 orcs
  5 bats
  9 endoplasms
  5 giant cockroaches
  8 goblins
  5 hobgoblins
  6 kobolds
  3 quokkas
  6 ball pythons
  3 frilled lizards
  8 rats
  A spectral orc (D:3)
102 creatures vanquished.

Notes
Turn   | Place    | Note
-------+----------+-------------------------------------------
     0 | D:1      | Borgoz the Gargoyle Berserker began the quest for the Orb.
     0 | D:1      | Reached XP level 1. HP: 14/14 MP: 1/1
   365 | D:1      | Reached XP level 2. HP: 18/19 MP: 2/2
   918 | D:1      | Reached XP level 3. HP: 15/23 MP: 3/3
  1357 | D:2      | Found a faded altar of an unknown god.
  1497 | D:2      | Reached skill level 1 in Shields
  1521 | D:2      | Reached ** piety under Trog
  1717 | D:2      | Reached XP level 4. HP: 29/29 MP: 4/4
  2182 | D:3      | Reached skill level 4 in Fighting
  2495 | D:3      | Reached XP level 5. HP: 29/33 MP: 5/5
  2937 | D:3      | Found a sparkling altar of Nemelex Xobeh.
  3069 | D:3      | Found a basalt altar of Yredelemnul.
  3558 | D:4      | Noticed a centaur
  3567 | D:4      | Killed a centaur
  3568 | D:4      | Reached XP level 6. HP: 24/39 MP: 6/6
  3831 | D:4      | Noticed Blork the orc
  3843 | D:4      | Killed Blork the orc
  3849 | D:4      | Reached XP level 7. HP: 19/44 MP: 7/7
  4020 | D:4      | Noticed Ijyb
  4021 | D:4      | Paralysed by Ijyb for 5 turns
  4030 | D:4      | Paralysed by Ijyb for 5 turns
  4038 | D:4      | Killed Ijyb
  4286 | D:5      | Entered Level 5 of the Dungeon
  4294 | D:5      | Reached *** piety under Trog
  4354 | D:5      | Noticed a vampire mosquito
  4355 | D:5      | Noticed a vampire mosquito
  4372 | D:5      | Killed a vampire mosquito
  4373 | D:5      | Reached skill level 5 in Fighting
  4374 | D:5      | Killed a vampire mosquito
  4376 | D:5      | Noticed a vampire mosquito
  4384 | D:5      | Killed a vampire mosquito
  4385 | D:5      | Reached XP level 8. HP: 33/50 MP: 8/8
  4556 | D:5      | Reached skill level 5 in Maces & Flails
  4556 | D:5      | Reached skill level 5 in Armour
  5092 | D:6      | Noticed Edmund
  5112 | D:6      | Killed Edmund
  5113 | D:6      | Reached skill level 6 in Fighting
  5348 | D:6      | Noticed Menkaure
  5356 | D:6      | Noticed Maggie
  5363 | D:6      | Slain by Maggie

Illustrated notes

Levels and vault maps discovered:
D:1:      elethiomel_arrival_quiet, layout_loops_ring, minmay_pentomino_z2
D:2:      layout_basic, ebering_ecumenical_altar_rust, chequers_garden,
          eino_curves_04, minmay_misc_feat_secret_circle, grunt_ministairs_5
D:3:      layout_basic, yredelemnul_forgotten_temple_becter,
          nemelex_diamond_rough_becter, st_stairs_2
D:4:      layout_basic, kennysheep_decorative_pillar, uniq_blork_the_orc,
          uniq_ijyb
D:5:      layout_basic, abandoned_shop
D:6:      layout_loops_ring, uniq_edmund, uniq_menkaure, uniq_maggie

Skill      XL: |  1  2  3  4  5  6  7  8 |
---------------+-------------------------+-----
Dodging        | 2 3 |  3.9
Shields        | 1 2 3 4 |  4.0
Armour         | 3 4 5 |  5.6
Fighting       | 4 5 6 |  6.2
Maces & Flails | 4 5 |  5.6

Action                   |  1- 3 |  4- 6 |  7- 9 || total
-------------------------+-------+-------+-------++-------
Melee: Mace              |   102 |    89 |       ||   191
       Flail             |       |    52 |   125 ||   177
Invok: Berserk           |     1 |     5 |     3 ||     9
       Trog's Hand       |       |       |     1 ||     1
Evoke: Wand              |       |       |     2 ||     2
 Stab: Paralysed         |       |       |     3 ||     3
Armor: Animal skin       |     8 |       |       ||     8
       Scale mail        |    45 |    99 |    79 ||   223
Dodge: Dodged            |    47 |    85 |    70 ||   202
Block: Buckler           |    10 |    29 |    25 ||    64
